 Dungeon Crawl Stone Soup version 0.16.2-12-gd0ad4c3 (webtiles) character file.

123 yevrey the Stinger (level 4, -2/34 HPs)
             Began as a Draconian Venom Mage on Oct 26, 2015.
             Slain by Grinder (6 damage)
             ... while paralysed by Grinder
             ... on level 3 of the Dungeon.
             The game lasted 00:15:10 (2468 turns).

yevrey the Stinger (Draconian Venom Mage)           Turns: 2468, Time: 00:15:10

Health: -2/34      AC:  5    Str: 10    XL:     4   Next: 79%
Magic:  6/8        EV:  2    Int: 16    God:
Gold:   125        SH:  0    Dex: 12    Spells: 3 memorised, 2 levels left

rFire  . . .     SeeInvis .     f - +1 dagger (speed)
rCold  . . .     Clarity  .     (armour unavailable)
rNeg   . . .     SustAb   .     (no shield)
rPois  .         Gourm    .     (helmet restricted)
rElec  .         Spirit   .     (no cloak)
rCorr  .         Warding  .     (no gloves)
rMut   .         Stasis   .     (no boots)
MR     .....                    j - amulet of rage
Stlth  +.........               (no ring)
                                (no ring)

@: confused, paralysed, exhausted, very slightly contaminated, slowed, not
resistant to hostile enchantments, very unstealthy
A: unfitting armour, cold-blooded, AC +5
a: Evoke Berserk Rage


You were on level 3 of the Dungeon.
You were very hungry.

You visited 1 branch of the dungeon, and saw 3 of its levels.

You collected 125 gold pieces.

Inventory:

Hand weapons
 f - a +1 dagger of speed (weapon)
Armour
 m - a +0 pair of gloves
Jewellery
 j - an amulet of rage (around neck)
Scrolls
 d - a scroll of enchant weapon
 g - 2 scrolls of identify
 l - a scroll of remove curse
Potions
 a - 2 potions of cure mutation
 e - a potion of curing
 i - a potion of heal wounds {unknown}
Books
 b - a Young Poisoner's Handbook

   Spells                             Type                      Level
   a - Sting                          Conjuration/Poison           1
   b - Cure Poison                    Poison                       2
   c - Mephitic Cloud                 Conjuration/Poison/Air       3
   d - Olgreb's Toxic Radiance        Poison                       4
   e - Venom Bolt                     Conjuration/Poison           5
Comestibles
 c - 2 bread rations
 h - 2 chunks of flesh
 k - 2 meat rations
 n - a slice of pizza


   Skills:
 + Level 0.9 Fighting
 + Level 2.5 Dodging
 + Level 2.0 Stealth
 + Level 1.2 Unarmed Combat
 * Level 2.9 Spellcasting
 + Level 1.1 Conjurations
 + Level 4.6 Poison Magic


You had 2 spell levels left.
You knew the following spells:

 Your Spells              Type           Power        Failure   Level  Hunger
a - Sting                 Conj/Pois      ##..         8%          1    #......
b - Cure Poison           Pois           ###.......   6%          2    ##.....
c - Mephitic Cloud        Conj/Pois/Air  #.......     28%         3    ###....


Dungeon Overview and Level Annotations

Branches:
Dungeon (3/15)

Altars:
Gozag
Trog
Yredelemnul
The Shining One

Annotations:
D:3 Grinder


Innate Abilities, Weirdness & Mutations

Your plain brown scales are hard (AC +5).
Your body does not fit into most forms of armour.
Your cold-blooded metabolism reacts poorly to cold.


Message History

Grinder gestures at you. Pain shoots through your body!
* * * LOW HITPOINT WARNING * * *
Drink which item? (? for menu, Esc to quit)
You feel better. Grinder gestures at you. Pain shoots through your body!
Grinder zaps a wand.
You are confused.
You're too confused to cast spells.
You're too confused to move!
Grinder zaps a wand.
You resist with some effort. Grinder gestures at you.
You barely resist. Grinder gestures at you.
You suddenly lose the ability to move!
Grinder zaps a wand.
You are more confused.
Grinder hits you!
* * * LOW HITPOINT WARNING * * *
You writhe in agony.
You die...

#.#......#
#.####.### #.#
#.## . #.(# ##.#
#.# #.# #.####
#..@.# ##.5..#
...####.....####
#......._......#
##.##.....####.#
#....## #.#
#....# #.#
####.# #.# #.#
##5###


You could see Grinder.

Vanquished Creatures
  5 adders (D:2)
  4 worms (D:2)
  An ooze (D:1)
  An orc (D:3)
  10 goblins
  9 hobgoblins
  5 jackals (D:2)
  A quokka (D:2)
  4 bats
  A giant gecko (D:1)
  3 giant newts
  6 kobolds
  9 rats
59 creatures vanquished.

Vanquished Creatures (others)
  A worm (D:2)
  A giant gecko (D:2)
2 creatures vanquished.

Grand Total: 61 creatures vanquished

Notes
Turn   | Place    | Note
--------------------------------------------------------------
     0 | D:1      | yevrey, the Draconian Venom Mage, began the quest for the Orb.
     0 | D:1      | Reached XP level 1. HP: 14/14 MP: 3/3
   442 | D:1      | Reached XP level 2. HP: 11/20 MP: 0/4
   584 | D:1      | Learned a level 2 spell: Cure Poison
  1075 | D:2      | Reached XP level 3. HP: 26/26 MP: 3/6
  1294 | D:2      | Reached skill level 1 in Conjurations
  1327 | D:2      | Found a glowing golden altar of the Shining One.
  1328 | D:2      | Noticed an angel
  1359 | D:2      | Found a basalt altar of Yredelemnul.
  1360 | D:2      | Noticed a profane servitor
  1411 | D:2      | Reached XP level 4. HP: 34/34 MP: 6/8
  1482 | D:2      | Reached skill level 1 in Unarmed Combat
  1778 | D:2      | Learned a level 3 spell: Mephitic Cloud
  2186 | D:3      | Found an opulent altar of Gozag.
  2410 | D:3      | Found a bloodstained altar of Trog.
  2432 | D:3      | Noticed Grinder
  2454 | D:3      | Paralysed by Grinder for 2 turns
  2458 | D:3      | Paralysed by Grinder for 2 turns
  2466 | D:3      | Paralysed by Grinder for 6 turns
  2468 | D:3      | Slain by Grinder

Action                   |  1- 3 |  4- 6 || total
-------------------------+-------+-------++-------
Melee: Unarmed           |    30 |       ||    30
       Dagger            |    20 |    15 ||    35
 Cast: Sting             |    69 |    43 ||   112
 Abil: Evoke Berserk Rag |       |     1 ||     1
  Use: Scroll            |     5 |     2 ||     7
       Potion            |       |     1 ||     1
  Eat: Chunk             |     3 |     3 ||     6
